 Dungeon Crawl Stone Soup version 0.24.0-123-gd5b16e6ec5 (webtiles) character file.

Game seed: 17676316758510344799, levelgen mode: deterministic

63 brucemayne the Chopper (level 4, 0/39 HPs)
             Began as a Hill Orc Monk on Jan 23, 2020.
             Was a Believer of Makhleb.
             Succumbed to a kobold's poison
             ... on level 3 of the Dungeon.
             The game lasted 00:02:49 (872 turns).

brucemayne the Chopper (Hill Orc Monk)               Turns: 872, Time: 00:02:49

Health: 0/39       AC:  5    Str: 14    XL:     4   Next: 10%
Magic:  4/4        EV: 11    Int: 10    God:    Makhleb [**....]
Gold:   74         SH:  0    Dex: 13    Spells: 3/3 levels left

rFire    . . .     SeeInvis +   a - +0 hand axe
rCold    . . .     Gourm    .   (no shield)
rNeg     . . .     Faith    .   h - +0 ring mail
rPois    .         Spirit   .   (no helmet)
rElec    .         Reflect  .   (no cloak)
rCorr    .         Harm     .   (no gloves)
MR       +....                  (no boots)
Stlth    +.........             (no amulet)
HPRegen  0.13/turn              e - ring of see invisible
MPRegen  0.09/turn              j - ring of protection from magic

@: lethally poisoned (0 -> -13), about to teleport
A: no striking features
a: Minor Destruction, Renounce Religion


You were on level 3 of the Dungeon.
You worshipped Makhleb.
Makhleb was pleased with you.
You were not hungry.

You visited 1 branch of the dungeon, and saw 3 of its levels.

You collected 74 gold pieces.

Inventory:

Hand Weapons
 a - a +0 hand axe (weapon)
 o - a +1 whip of venom
Missiles
 g - 12 poisoned darts (quivered)
 i - 20 stones
Armour
 b - a +0 robe
 h - a +0 ring mail (worn)
Jewellery
 e - a ring of see invisible (left hand)
 j - a ring of protection from magic (right hand)
Scrolls
 d - a scroll of immolation
 l - a scroll of fog {unknown}
 m - a scroll of amnesia {unknown}
 n - a scroll of remove curse {unknown}
Comestibles
 c - 2 rations


   Skills:
 - Level 3.6 Fighting
 + Level 6.4 Axes
 - Level 2.4 Dodging
 - Level 1.5 Stealth


You had 3 spell levels left.
You didn't know any spells.
Your spell library was empty.

Dungeon Overview and Level Annotations

Branches:
Dungeon (3/15)

Altars:
Kikubaaqudgha
Makhleb
Nemelex Xobeh
Qazlal


Message History

You aren't carrying any potions.
Unknown command.
You aren't carrying any items that you can evoke.
Unknown command.
As you read the scroll labeled BUIXKULAIM, it crumbles to dust.
The air around you briefly surges with heat, but it dissipates.
It was a scroll of immolation.
* * * LOW HITPOINT WARNING * * *
You feel sick.
As you read the scroll labeled OGUCERCH SYOPSI, it crumbles to dust.
You feel aware of your surroundings.
It was a scroll of magic mapping.
* * * LOW HITPOINT WARNING * * *
You feel sick.
As you read the scroll labeled WIJODIA NOEKU, it crumbles to dust.
You feel strangely unstable.
It was a scroll of teleportation.
* * * LOW HITPOINT WARNING * * *
You feel sick.
* * * LOW HITPOINT WARNING * * *
You feel sick.
You die...

*,*,,,,,,,,,,,,,*
**,#.#,,,*,*****,****
*,,...,,**,* *,*,,,
*,,...,,,,,* *,,,,,
*,*#(#*,**** ***,**
#,*#.#*,# *,,,
#.##.##.#******* *,**
#.......#,,,,..#**<**
***#@#######*...*####
#...##...##.##...#
#†###.8.8.#.#.8.8.
#.###.._..#.#.._..
#...#.8...#.#...8.
#.#.##...'#.#'...#
#.#..#####...#####
#..........⌠......
###..#####...#####


There were no monsters in sight!

Vanquished Creatures
  2 adders
  An ooze (D:2)
  2 dart slugs (D:1)
  A leopard gecko (D:3)
  3 orcs (D:3)
  A giant cockroach (D:1)
  A goblin (D:1)
  3 hobgoblins
  2 jackals (D:1)
  7 kobolds
  A quokka (D:3)
  A ball python (D:1)
  2 bats
  A frilled lizard (D:2)
  A leopard gecko skeleton (D:3)
  5 rats
34 creatures vanquished.

Notes
Turn   | Place    | Note
-------+----------+-------------------------------------------
     0 | D:1      | brucemayne the Hill Orc Monk began the quest for the Orb.
     0 | D:1      | Reached XP level 1. HP: 19/19 MP: 1/1
   129 | D:1      | Reached XP level 2. HP: 25/26 MP: 2/2
   140 | D:1      | Reached skill level 5 in Axes
   469 | D:1      | Reached XP level 3. HP: 19/31 MP: 3/3
   664 | D:3      | Reached skill level 6 in Axes
   792 | D:3      | Found a burning altar of Makhleb.
   795 | D:3      | Found a stormy altar of Qazlal.
   798 | D:3      | Found a sparkling altar of Nemelex Xobeh.
   805 | D:3      | Found an ancient bone altar of Kikubaaqudgha.
   820 | D:3      | Became a worshipper of Makhleb the Destroyer
   820 | D:3      | Reached * piety under Makhleb
   820 | D:3      | Reached ** piety under Makhleb
   860 | D:3      | Reached XP level 4. HP: 19/39 MP: 4/4
   871 | D:3      | HP: 1/39 [poisoned by a kobold]
   872 | D:3      | Succumbed to a kobold's poison

Levels and vault maps discovered:
D:1:      minmay_arrival_arboretum_small, layout_basic
D:2:      layout_rooms, nicolae_dithmenos_through_a_glass_darkly, minitemple,
          first_ration
D:3:      layout_loops_cross, grunt_temple_overflow_cloverleaf

Skill      XL: |  1  2  3 |
---------------+----------+-----
Axes           | 5 6 |  6.4
Fighting       | |  3.6
Dodging        | |  2.4
Stealth        | |  1.5

Action                   |  1- 3 |  4- 6 || total
-------------------------+-------+-------++-------
Melee: Hand axe          |    95 |       ||    95
Throw: Dart              |     2 |     3 ||     5
  Use: Scroll            |       |     3 ||     3
Armor: Robe              |     3 |       ||     3
       Ring mail         |    23 |     2 ||    25
Dodge: Dodged            |    58 |     1 ||    59
